 Dungeon Crawl Stone Soup version 0.25.0-41-g26779e291d (webtiles) character file.

Game seed: 17753526106320801035

303 opiumtea the Charmwright (level 6, 0/75 HPs)
             Began as a Gnoll Skald on July 10, 2020.
             Was an Initiate of Dithmenos.
             Slain by Pikel the mana viper (shapeshifter) (3 damage)
             ... on level 3 of the Dungeon.
             The game lasted 00:14:50 (5748 turns).

opiumtea the Charmwright (Gnoll Skald)              Turns: 5748, Time: 00:14:51

Health: 0/75       AC:  8    Str: 14      XL:     6   Next: 38%
Magic:  1/14       EV: 13    Int: 17      God:    Dithmenos [......]
Gold:   172        SH:  0    Dex: 13 (14) Spells: 9/15 levels left

rFire    . . .     SeeInvis .   b - +0 flail
rCold    . . .     Gourm    .   (no shield)
rNeg     + . .     Faith    .   x - +0 ring mail
rPois    .         Spirit   .   (no helmet)
rElec    .         Reflect  .   (no cloak)
rCorr    .         Harm     .   (no gloves)
MR       .....                  o - +2 pair of boots
Stlth    ..........             u - amulet of magic regeneration
HPRegen  0.22/turn              p - ring of positive energy
MPRegen  0.39/turn              v - ring of attention (curse)

@: berserking, very quick
A: distributed training, fangs 1, strong nose
a: Renounce Religion


You were on level 3 of the Dungeon.
You worshipped Dithmenos.
Dithmenos was noncommittal.
You were not hungry.

You visited 1 branch of the dungeon, and saw 4 of its levels.

You collected 172 gold pieces.

Inventory:

Hand Weapons
 a - a +0 mace
 b - a +0 flail (weapon)
Armour
 l - a +1 buckler
 o - a +2 pair of boots (worn)
 t - a +0 leather armour
 w - a +0 chain mail
 x - a +0 ring mail (worn)
Jewellery
 p - a ring of positive energy (left hand)
 u - an amulet of magic regeneration (around neck)
 v - a cursed ring of attention (right hand)
Wands
 s - a wand of digging (5)
 y - a wand of polymorph (2)
Scrolls
 h - a scroll of amnesia
 k - a scroll of magic mapping
Potions
 e - a potion of flight {unknown}
 g - a potion of heal wounds {unknown}
 i - a potion of cancellation {unknown}
 j - a potion of brilliance
 m - a potion of curing {unknown}
 n - a potion of stabbing {unknown}
 q - a potion of might {unknown}
Comestibles
 d - 5 rations


   Skills:
 + Level 4.9 Fighting
 + Level 1.9 Short Blades
 + Level 1.9 Long Blades
 + Level 1.9 Axes
 + Level 4.9 Maces & Flails
 + Level 1.9 Polearms
 + Level 1.9 Staves
 + Level 1.9 Slings
 + Level 1.9 Bows
 + Level 1.9 Crossbows
 + Level 1.9 Throwing
 + Level 3.2 Armour
 + Level 4.9 Dodging
 + Level 1.9 Stealth
 + Level 1.9 Shields
 + Level 1.9 Unarmed Combat
 + Level 5.3 Spellcasting
 + Level 1.5 Conjurations
 + Level 1.5 Hexes
 + Level 5.6 Charms
 + Level 1.5 Summonings
 + Level 1.5 Necromancy
 + Level 1.5 Translocations
 + Level 1.5 Transmutations
 + Level 1.5 Fire Magic
 + Level 1.5 Ice Magic
 + Level 1.5 Air Magic
 + Level 1.5 Earth Magic
 + Level 1.5 Poison Magic
 + Level 2.1 Invocations
 + Level 1.9 Evocations


You had 9 spell levels left.
You knew the following spells:

 Your Spells              Type           Power        Failure   Level  Hunger
a - Infusion              Chrm           ###.         2%          1    None
b - Song of Slaying       Chrm           ###.....     4%          2    #......
c - Spectral Weapon       Hex/Chrm       ###.....     19%         3    ##.....

Your spell library contained the following spells:

 Spells                   Type           Power        Failure   Level  Hunger
 Shroud of Golubria       Chrm/Tloc      ###...       10%         2    #......
 Ozocubu's Armour         Chrm/Ice       ###.....     19%         3    ##.....


Dungeon Overview and Level Annotations

Branches:
Dungeon (4/15)
 Temple: D:4-7

Altars:
Cheibriados
Dithmenos
Kikubaaqudgha
Ru
Yredelemnul

Annotations:
D:3 Pikel
D:4 Eustachio, Menkaure


Innate Abilities, Weirdness & Mutations

Your experience applies equally to all skills.
You have very sharp teeth.
Your uncanny sense of smell can sniff out nearby items.


Message History

You completely miss Pikel. Pikel bites you but does no damage.
You closely miss Pikel. Pikel barely misses you.
You barely miss Pikel. Pikel bites you!!
* * * LOW HITPOINT WARNING * * *
You feel your power leaking away.
You sock Pikel!
Pikel is moderately wounded.
Pikel bites you!
* * * LOW HITPOINT WARNING * * *
You miss Pikel.
Pikel is moderately wounded.
Pikel completely misses you.
You miss Pikel.
Pikel is moderately wounded.
Pikel bites you but does no damage.
You are too berserk!
You closely miss Pikel.
Pikel is moderately wounded.
Pikel bites you.
You die...

#.......(#####.##
##.##
#..........#####
#######
#..............# #.#
#.#
#.............[####.#
#.#
#...........)>......#
#.#
########....[.)######
#.# #.......# #.#
#######....S..# #.#
#.....####.@### #.#
#.....# #..# #.#
#.....####..# #.#
#...........# #.#
####..(.....# #.#
#........# #.#
#........# #.#
#.(......# #.#
#........# #.#


You could see Pikel the mana viper.

Vanquished Creatures
  A slave (D:3)
  A hound (D:3)
  Natasha (thrice) (D:3)
  A worker ant (D:3)
  A howler monkey skeleton (D:4)
  4 adders
  A shadow imp (D:3)
  2 worms
  3 dart slugs
  2 leopard geckos (D:3)
  18 orcs
  3 giant cockroaches
  16 goblins
  6 hobgoblins
  3 jackals (D:3)
  A ball python (D:2)
  6 bats
  5 frilled lizards
  7 kobolds
  10 rats
94 creatures vanquished.

Notes
Turn   | Place    | Note
-------+----------+-------------------------------------------
     0 | D:1      | opiumtea the Gnoll Skald began the quest for the Orb.
     0 | D:1      | Reached XP level 1. HP: 20/20 MP: 6/6
   403 | D:1      | Reached XP level 2. HP: 23/26 MP: 7/7
  1059 | D:2      | Reached XP level 3. HP: 29/31 MP: 9/9
  1336 | D:2      | Reached skill level 5 in Spellcasting
  1370 | D:1      | Learned a level 2 spell: Song of Slaying
  1701 | D:2      | Reached skill level 1 in Invocations
  1747 | D:2      | Reached skill level 1 in Short Blades
  1747 | D:2      | Reached skill level 1 in Long Blades
  1747 | D:2      | Reached skill level 1 in Axes
  1747 | D:2      | Reached skill level 1 in Polearms
  1747 | D:2      | Reached skill level 1 in Staves
  1747 | D:2      | Reached skill level 1 in Slings
  1747 | D:2      | Reached skill level 1 in Bows
  1747 | D:2      | Reached skill level 1 in Crossbows
  1747 | D:2      | Reached skill level 1 in Throwing
  1747 | D:2      | Reached skill level 1 in Stealth
  1747 | D:2      | Reached skill level 1 in Shields
  1747 | D:2      | Reached skill level 1 in Unarmed Combat
  1747 | D:2      | Reached skill level 1 in Evocations
  1907 | D:2      | Reached XP level 4. HP: 25/38 MP: 7/11
  2468 | D:3      | Learned a level 3 spell: Spectral Weapon
  2496 | D:3      | Noticed Natasha
  2504 | D:3      | Killed Natasha
  2504 | D:3      | Reached skill level 1 in Conjurations
  2504 | D:3      | Reached skill level 1 in Hexes
  2504 | D:3      | Reached skill level 1 in Summonings
  2504 | D:3      | Reached skill level 1 in Necromancy
  2504 | D:3      | Reached skill level 1 in Translocations
  2504 | D:3      | Reached skill level 1 in Transmutations
  2504 | D:3      | Reached skill level 1 in Fire Magic
  2504 | D:3      | Reached skill level 1 in Ice Magic
  2504 | D:3      | Reached skill level 1 in Air Magic
  2504 | D:3      | Reached skill level 1 in Earth Magic
  2504 | D:3      | Reached skill level 1 in Poison Magic
  2505 | D:3      | Reached XP level 5. HP: 32/43 MP: 3/12
  2595 | D:3      | Noticed Natasha
  2604 | D:3      | Killed Natasha
  2684 | D:3      | Noticed Natasha
  2692 | D:3      | Killed Natasha
  2739 | D:3      | Found a shadowy altar of Dithmenos.
  2739 | D:3      | Found a basalt altar of Yredelemnul.
  2739 | D:3      | Found an ancient bone altar of Kikubaaqudgha.
  2739 | D:3      | Found a snail-covered altar of Cheibriados.
  2756 | D:3      | Became a worshipper of Dithmenos the Shadowed
  2954 | D:3      | Noticed Sigmund
  3360 | D:4      | Noticed Menkaure
  3417 | D:4      | Found a sacrificial altar of Ru.
  3444 | D:3      | Reached XP level 6. HP: 35/50 MP: 13/13
  3851 | D:4      | Noticed Eustachio
  4219 | D:3      | Reached * piety under Dithmenos
  4349 | D:3      | Noticed Sigmund
  4349 | D:3      | Sigmund changed into Sigmund the hound
  4357 | D:3      | Killed Sigmund the hound
  5215 | D:4      | Noticed a slave
  5216 | D:4      | Noticed Pikel
  5216 | D:4      | Noticed a slave
  5216 | D:4      | Noticed a slave
  5217 | D:4      | Noticed a slave
  5254 | D:3      | Noticed Pikel
  5254 | D:3      | Pikel changed into Pikel the shapeshifter
  5255 | D:3      | Noticed Pikel
  5255 | D:3      | Pikel the shapeshifter changed into Pikel the queen bee
  5352 | D:3      | Noticed Pikel
  5353 | D:3      | Noticed Pikel
  5353 | D:3      | Pikel the komodo dragon changed into Pikel the shapeshifter
  5353 | D:3      | Noticed Pikel
  5353 | D:3      | Pikel the shapeshifter changed into Pikel the death drake
  5354 | D:3      | Noticed Pikel
  5354 | D:3      | Pikel the death drake changed into Pikel the shapeshifter
  5354 | D:3      | Pikel the shapeshifter changed into something unseen
  5375 | D:3      | Noticed Pikel
  5375 | D:3      | Noticed Pikel
  5375 | D:3      | Pikel the shapeshifter changed into Pikel the jumping
                  | spider
  5674 | D:3      | Killed a slave
  5734 | D:3      | Noticed Pikel
  5745 | D:3      | HP: 3/75 [Pikel the mana viper (shapeshifter) (14)]
  5748 | D:3      | Slain by Pikel the mana viper (shapeshifter)

Illustrated notes

Levels and vault maps discovered:
D:1:      onia_arrival_pentagram, layout_rooms, minmay_misc_feat_x,
          minmay_misc_feat_hallway
D:2:      layout_rooms, first_ration
D:3:      layout_basic, chequers_temple_overflow_statue_of_worship,
          eino_curves_03, uniq_sigmund, uniq_natasha
D:4:      layout_rooms, overflow_temple_1_default, uniq_pikel, uniq_eustachio,
          uniq_menkaure

Skill      XL: |  1  2  3  4  5  6 |
---------------+-------------------+-----
Spellcasting   | 5 |  5.3
Invocations    | 1 2 |  2.1
Short Blades   | 1 |  1.9
Long Blades    | 1 |  1.9
Axes           | 1 |  1.9
Polearms       | 1 |  1.9
Staves         | 1 |  1.9
Slings         | 1 |  1.9
Bows           | 1 |  1.9
Crossbows      | 1 |  1.9
Throwing       | 1 |  1.9
Stealth        | 1 |  1.9
Shields        | 1 |  1.9
Unarmed Combat | 1 |  1.9
Evocations     | 1 |  1.9
Conjurations   | 1 |  1.5
Hexes          | 1 |  1.5
Summonings     | 1 |  1.5
Necromancy     | 1 |  1.5
Translocations | 1 |  1.5
Transmutations | 1 |  1.5
Fire Magic     | 1 |  1.5
Ice Magic      | 1 |  1.5
Air Magic      | 1 |  1.5
Earth Magic    | 1 |  1.5
Poison Magic   | 1 |  1.5
Armour         | 3 |  3.2
Fighting       | |  4.9
Maces & Flails | |  4.9
Dodging        | |  4.9
Charms         | |  5.6

Action                   |  1- 3 |  4- 6 || total
-------------------------+-------+-------++-------
Melee: Mace              |   114 |   153 ||   267
       Bite              |    10 |    17 ||    27
       Punch             |       |     2 ||     2
       Flail             |       |    54 ||    54
 Cast: Infusion          |     5 |     3 ||     8
       Song of Slaying   |       |     1 ||     1
Evoke: Wand              |       |     7 ||     7
  Use: Scroll            |       |     9 ||     9
       Potion            |       |     3 ||     3
 Stab: Sleeping          |       |     1 ||     1
  Eat: Chunk             |     3 |     9 ||    12
       Ration            |       |     1 ||     1
Armor: Leather armour    |    29 |    10 ||    39
       Ring mail         |       |    84 ||    84
Dodge: Dodged            |    87 |   192 ||   279
